 Dungeon Crawl Stone Soup version 0.16-a0-3246-g12054e0 (webtiles) character file.

36 Ololoev the Charlatan (level 3, 0/39 HPs)
             Began as a Merfolk Artificer on Dec 22, 2014.
             Slain by Terence
             ... wielding a +0 flail
              (4 damage)
             ... on level 2 of the Dungeon.
             The game lasted 00:02:12 (1309 turns).

Ololoev the Charlatan (Merfolk Artificer)           Turns: 1309, Time: 00:02:12

Health: 0/39       AC: 21    Str: 12    XL:     3   Next: 37%
Magic:  5/5        EV:  2    Int: 11    God:
Gold:   61         SH:  0    Dex: 14    Spells: 0 memorised, 2 levels left

rFire  . . .     SeeInvis .     a - +0 short sword
rCold  . . .     Clarity  .     e - melded +0 leather armour
rNeg   + + +     SustAb   .     (no shield)
rPois  +         Gourm    .     (helmet currently unavailable)
rElec  .         Spirit   .     (cloak currently unavailable)
rCorr  .         Warding  .     (gloves currently unavailable)
rMut   .         NoTele   +     (boots currently unavailable)
MR     .....                    (no amulet)
Stlth  +.........               (no ring)
                                (no ring)

@: confused, tree-form, very slightly contaminated, invisible, not resistant to
hostile enchantments, very unstealthy
A: (change form in water), (swift swim), (cold resistance 0), spit poison 1,
teleportitis 1
a: Spit Poison


You were on level 2 of the Dungeon.
You were very hungry.
You were a tree.
You visited 1 branch of the dungeon, and saw 2 of its levels.

You collected 61 gold pieces.

Notes
Turn   | Place    | Note
--------------------------------------------------------------
     0 | D:1      | Ololoev, the Merfolk Artificer, began the quest for the Orb.
     0 | D:1      | Reached XP level 1. HP: 15/15 MP: 1/1
   105 | D:1      | Reached XP level 2. HP: 19/21 MP: 3/3
   156 | D:1      | Found a sparkling altar of Nemelex Xobeh.
   443 | D:1      | Reached skill level 4 in Evocations
   659 | D:2      | Reached XP level 3. HP: 3/26 MP: 5/5
  1290 | D:2      | Noticed Terence
  1305 | D:2      | Gained mutation: Your flesh is cold resistant. [potion of mutation]
  1305 | D:2      | Gained mutation: You can spit poison. [potion of mutation]
  1305 | D:2      | Gained mutation: Space occasionally distorts in your vicinity. [potion of mutation]
  1309 | D:2      | Slain by Terence

Inventory:

Hand weapons
 a - a +0 short sword (weapon)
Armour
 e - a +0 leather armour (melded)
Magical devices
 b - a wand of flame (7)
 c - a wand of enslavement (15)
 d - a wand of random effects (9)
Scrolls
 j - a scroll of remove curse {unknown}
Comestibles
 f - a bread ration
 g - a beef jerky
 m - a meat ration

Table legend:
 A = Turns spent in this place as a percentage of turns spent in the entire game.
 B = Non-inter-level travel turns spent in this place as a percentage of non-inter-level travel turns spent in the entire game.
 C = Inter-level travel turns spent in this place as a percentage of turns spent in this place.
 D = Turns resting spent in this place as a percentage of non-inter-level travel turns spent in this place.
 E = Turns spent auto-exploring this place as a percentage of non-inter-level travel turns spent in this place.
 F = Non-inter-level travel turns spent in this place divided by the number of levels of this place that you've seen.
                   A       B       C       D       E      F
               +-------+-------+-------+-------+-------+----------------------
         Total | 100.0 | 100.0 |   0.2 |   2.7 |   6.3 | 262.0
       Dungeon | 100.0 | 100.0 |   0.2 |   2.7 |   6.3 | 262.0
               +-------+-------+-------+-------+-------+----------------------


   Skills:
 - Level 1.1 Fighting
 - Level 1.2 Short Blades
 - Level 2.6 Dodging
 - Level 1.1 Stealth
 + Level 4.5 Evocations


You had 2 spell levels left.
You didn't know any spells.

Dungeon Overview and Level Annotations

Branches:
Dungeon (2/15)

Altars:
Nemelex Xobeh

Annotations:
D:2 Terence


Innate Abilities, Weirdness & Mutations

((You revert to your normal form in water.))
((You are very nimble and swift while swimming.))
((Your flesh is cold resistant.))
You can spit poison.
Space occasionally distorts in your vicinity.


Message History

Aim: Terence, wielding a flail, wearing a scale mail and carrying a wand of confusion {zapped: 4} (chance 65%) Nothing appears to happen.
This wand has 11 charges left.
Terence zaps a wand.
You are more confused.
Evoke which item? (* to show all) (? for menu, Esc to quit)
Zapping:
d - a wand of random effects (11)
Press: ? - help, Shift-Dir - straight line, f/p - Terence
Aim: Terence, wielding a flail, wearing a scale mail and carrying a wand of confusion {zapped: 5} (chance 65%) Nothing appears to happen.
This wand has 10 charges left.
Terence hits you with a flail!
Evoke which item? (* to show all) (? for menu, Esc to quit)
Zapping:
d - a wand of random effects (10)
Press: ? - help, Shift-Dir - straight line, f/p - Terence
Aim: Terence, wielding a flail, wearing a scale mail and carrying a wand of confusion {zapped: 5} Nothing appears to happen.
This wand has 9 charges left.
Terence hits you with a flail!
Drink which item? (? for menu, Esc to quit)
It was a potion of restore abilities.
You feel refreshed.
Drink which item? (? for menu, Esc to quit)
It was a potion of mutation.
You feel extremely strange.
You feel resistant to cold.
There is a nasty taste in your mouth for a moment.
You feel weirdly uncertain.
Terence zaps a wand.
You are more confused.
Drink which item? (? for menu, Esc to quit)
It was a potion of lignification.
You turn into a tree.
Your +0 leather armour melds into your body.
Your roots penetrate the ground.
Terence zaps a wand.
You struggle to resist.
Drink which item? (? for menu, Esc to quit)
It was a potion of poison.
You feel slightly nauseous. Terence hits you but does no damage.
Drink which item? (? for menu, Esc to quit)
It was a potion of invisibility.
You fade into invisibility!
Terence zaps a wand.
You are more confused.
You are very lightly contaminated with residual magic.
You cannot move. (Use ctrl+direction to attack without moving)
You miss Terence. Terence hits you with a flail.
You die... ... #P.....P.....P .......#PPPPPPPPPPP.P

.........###.....##..#
+.........+
........... #.......%.
##....###.## #.......
#.#.## #.# #.....
#.#.####.# #..@##
#........# #.♣.##
###.###### #.###.##
#.# #. ##.#####.# #
#.......# #.#######
#.## ..# #.## #


You could see Terence.

Table legend:
 A = Kills in this place as a percentage of kills in entire the game.
 B = Kills by you in this place as a percentage of kills by you in the entire game.
 C = Kills by friends in this place as a percentage of kills by friends in the entire game.
 D = Other kills in this place as a percentage of other kills in the entire game.
 E = Experience gained in this place as a percentage of experience gained in the entire game.
 F = Experience gained in this place divided by the number of levels of this place that you have seen.
                   A       B       C       D       E      F
               +-------+-------+-------+-------+-------+----------------------
         Total | 100.0 | 100.0 |  -nan |  -nan | 100.0 |  26.0
       Dungeon | 100.0 | 100.0 |  -nan |  -nan | 100.0 |  26.0
               +-------+-------+-------+-------+-------+----------------------

Vanquished Creatures
  An adder (D:2)
  A worm (D:2)
  An ooze (D:1)
  2 goblins (D:1)
  3 hobgoblins (D:1)
  3 jackals (D:1)
  2 bats (D:1)
  A giant gecko (D:1)
  3 giant newts
  A kobold (D:1)
  4 rats (D:1)
22 creatures vanquished.

Action                   || total
-------------------------++-------
Melee: Short sword       ||    96
Evoke: Wand              ||    14
  Use: Potion            ||     5

Vault maps used:
D:1:      wheals_arrival_shading, nemelex_altar_shiori
D:2:      nicolae_overflow_crystal_walls, kennysheep_minor_cross,
          minmay_hedge_maze, uniq_terence
